 Dungeon Crawl Stone Soup version 0.20-a0-1018-ge435b50 (webtiles) character file.

18 Herrn the Firebug (level 2, 0/22 HPs)
             Began as a Naga Fire Elementalist on Apr 17, 2017.
             Slain by an adder (2 damage)
             ... on level 2 of the Dungeon.
             The game lasted 00:02:56 (1139 turns).

Herrn the Firebug (Naga Fire Elementalist)          Turns: 1139, Time: 00:02:57

Health: 0/22       AC:  1    Str: 15    XL:     2   Next: 66%
Magic:  0/5        EV: 10    Int: 15    God:
Gold:   62         SH:  0    Dex: 11    Spells: 4/5 levels left

rFire    . . .     SeeInvis +   t - +0 short sword
rCold    . . .     Gourm    .   (no shield)
rNeg     . . .     Faith    .   a - +0 robe
rPois    +         Spirit   .   (no helmet)
rElec    .         Reflect  .   (no cloak)
rCorr    .         Harm     .   (no gloves)
MR       .....                  (no barding)
Stlth    ++........             (no amulet)
Regen    0.1/turn               (no ring)
MPRegen  0.1/turn               (no ring)

@: mighty, lethally poisoned (0 -> -4), short of breath, flying, very slow
A: see invisible, deformed body, poison resistance, slowness 2, slow metabolism
1, spit poison 1, AC +0
a: Spit Poison


You were on level 2 of the Dungeon.
You were not hungry.

You visited 1 branch of the dungeon, and saw 2 of its levels.

You collected 62 gold pieces.

Inventory:

Hand Weapons
 t - a +0 short sword (weapon)
Armour
 a - a +0 robe (worn)
Jewellery
 o - an uncursed ring of resist corrosion {unknown}
Scrolls
 f - a scroll of remove curse {unknown}
 g - a scroll of teleportation {unknown}
 h - a scroll of amnesia {unknown}
 j - a scroll of fog {unknown}
 k - 2 scrolls of identify {unknown}
 m - a scroll of magic mapping {unknown}
 r - 3 scrolls of immolation {unknown}
 u - a scroll of noise {unknown}
Potions
 v - a potion of mutation {unknown}
Books
 b - a book of Flames

   Spells                             Type                      Level
   a - Flame Tongue                   Conjuration/Fire             1
   b - Throw Flame                    Conjuration/Fire             2
   c - Conjure Flame                  Conjuration/Fire             3
   d - Inner Flame                    Hexes/Fire                   3
   e - Sticky Flame                   Conjuration/Fire             4
   f - Fireball                       Conjuration/Fire             5
 l - a book of Cantrips

   Spells                             Type                      Level
   a - Confusing Touch                Hexes                        1
   b - Animate Skeleton               Necromancy                   1
   c - Summon Small Mammal            Summoning                    1
   d - Apportation                    Translocation                1
Comestibles
 c - 2 bread rations
 d - 4 fruits
 s - a chunk of flesh


   Skills:
 + Level 0.2 Fighting
 + Level 1.8 Dodging
 - Level 3.0 Stealth
 + Level 2.2 Spellcasting
 + Level 1.1 Conjurations
 + Level 3.4 Fire Magic


You had 4 spell levels left.
You knew the following spells:

 Your Spells              Type           Power        Failure   Level  Hunger
a - Flame Tongue          Conj/Fire      #....        12%         1    #......


Dungeon Overview and Level Annotations

Branches:
Dungeon (2/15)

Altars:


Innate Abilities, Weirdness & Mutations

You cannot wear boots.
Your serpentine skin is tough. (AC +0)
You have supernaturally acute eyesight. (SInv)
Armour fits poorly on your strangely shaped body.
Your system is resistant to poisons. (rPois)
You cover ground very slowly.
You have a slow metabolism.
You can spit poison.


Message History

Aim: an adder (lightly wounded)
The splash of poison misses the adder.
You feel slightly more hungry. The adder closely misses you.
Unknown command.
Casting: Flame Tongue
Confirm with . or Enter, or press ? or * to list all spells.
Aiming: Flame Tongue
Press: ? - help, Shift-Dir - straight line, f/p - adder
Aim: an adder (lightly wounded)
The flame tongue misses the adder.
The adder bites you.
* * * LOW HITPOINT WARNING * * *
You are poisoned.
The adder poisons you!
Unknown command.
It was a potion of flight.
You feel very buoyant.
You fly up into the air.
You feel sick. The adder bites you.
* * * LOW HITPOINT WARNING * * *
The adder bites you.
You die...

#.#.######.#......
#.# #.#...(.# #.#
#.##.#### #)#
#.##.# #.# #.##.#
#.# #.##.# #.#
#.##.# #.# #....#
#@# ######
#.S......
########.


You could see an adder.

Vanquished Creatures
  A dart slug (D:2)
  A leopard gecko (D:2)
  2 goblins
  3 hobgoblins
  3 bats
  2 frilled lizards (D:1)
  2 kobolds (D:1)
  A rat (D:2)
15 creatures vanquished.

Notes
Turn   | Place    | Note
-------+----------+-------------------------------------------
     0 | D:1      | Herrn the Naga Fire Elementalist began the quest for the Orb.
     0 | D:1      | Reached XP level 1. HP: 15/15 MP: 3/3
   506 | D:1      | Reached XP level 2. HP: 20/22 MP: 3/5
  1139 | D:2      | Slain by an adder

Vault maps used:
D:1:      dpeg_arrival_ternary, minmay_misc_feat_alley
D:2:      minmay_overflow_temple_hex, led_sif_pool,
          chequers_ecumenical_altar_lobes, grunt_ministairs_3,
          uniq_crazy_yiuf_cottage, uniq_natasha

Action                   || total
-------------------------++-------
Melee: Unarmed           ||     1
 Cast: Flame Tongue      ||    17
 Abil: Spit Poison       ||    17
  Use: Potion            ||     5
  Eat: Chunk             ||     1
Armor: Robe              ||     3
       Skin              ||     1
Dodge: Dodged            ||    16
